 Dungeon Crawl Stone Soup version 0.31-a0-986-g5e6e4ef867 (webtiles) character file.

Game seed: 7127184278435372585

349 Naiya55 the Chopper (level 6, -1/51 HPs)
             Began as a Formicid Fighter on Nov 5, 2023.
             Slain by Crazy Yiuf
             ... wielding a +3 quarterstaff of chaos
              (7 damage)
             ... on level 3 of the Dungeon.
             The game lasted 00:02:43 (1808 turns).

Naiya55 the Chopper (Formicid Fighter)              Turns: 1808, Time: 00:02:44

Health: -1/51      AC:  9    Str: 22    XL:     6   Next: 92%
Magic:  0/6        EV: 14    Int:  8    God:
Gold:   132        SH:  5    Dex: 13    Spells: 5/5 levels left

rFire   + . .        a - +0 war axe
rCold   . . .        c - +0 buckler
rNeg    . . .        b - +0 scale mail
rPois   .            (helmet unavailable)
rElec   .            (no cloak)
rCorr   .            (no gloves)
SInv    +            m - +1 pair of boots {Fly}
Will    .....        (no amulet) Stlth
                     k - +5 ring of evasion
HPRegen 0.28/turn    t - ring of protection from fire
MPRegen 0.10/turn

%: no passive effects
@: lethally poisoned (-1 -> -22), flying
A: permanent stasis, dig shafts and tunnels, antennae 3, four strong arms
a: Dig, Shaft Self


You were on level 3 of the Dungeon.
You visited 1 branch of the dungeon, and saw 3 of its levels.

You collected 132 gold pieces.

Inventory:

Hand Weapons
 a - a +0 war axe (weapon)
Armour
 b - a +0 scale mail (worn)
 c - a +0 buckler (worn)
 m - a +1 pair of boots of flying (worn)
Jewellery
 k - a +5 ring of evasion (left hand)
 t - a ring of protection from fire (right hand)
Wands
 l - a wand of flame (11)
 q - a wand of polymorph (12)
Scrolls
 f - 2 scrolls of teleportation {unknown}
 i - a scroll of fog {unknown}
 j - a scroll of poison {unknown}
 n - a scroll of immolation {unknown}
 p - a scroll of enchant weapon {unknown}
 r - 2 scrolls of identify {unknown}
Potions
 d - 3 potions of might
 e - 2 potions of ambrosia {unknown}
 g - a potion of brilliance {unknown}
 h - a potion of magic {unknown}
 o - a potion of attraction {unknown}
 s - 2 potions of degeneration {unknown}


   Skills:
 + Level 5.3 Fighting
 * Level 5.6 Axes
 - Level 3.2 Armour
 - Level 4.0 Shields


You had 5 spell levels left.
You didn't know any spells.
Your spell library contained the following spells:

 Spells                   Type           Power      Damage    Failure   Level
 Apportation              Tloc           0%         N/A       80%         1
 Necrotise                Necr           0%         1d4       80%         1
 Summon Small Mammal      Summ           0%         N/A       80%         1


Dungeon Overview and Level Annotations

Branches:
Dungeon (3/15)

Altars:
Yredelemnul

Annotations:
D:3 Crazy Yiuf


Innate Abilities, Weirdness & Mutations

You cannot be hasted, slowed, berserked, paralysed or teleported.
You can dig through walls and to a lower floor.
You have a pair of large antennae on your head. (SInv)
Your four strong arms can wield two-handed weapons with a shield.


Message History

Things that are here:
a +0 hammer; a goblin corpse
Found a dagger.
Found three hammers.
Found a runed translucent door.
You see here a +0 dagger.
Crazy Yiuf shouts!
Crazy Yiuf waves his quarterstaff at you.
You see here a +0 hammer.
Found a hammer.
You sense a monster nearby.
t - a ring of protection from fire (right hand)
Okay, then.
You reach down and open the door.
You slash Crazy Yiuf!
Crazy Yiuf is heavily wounded.
You block Crazy Yiuf's attack. Crazy Yiuf hits you but does no damage.
You are poisoned.
You hit Crazy Yiuf.
Crazy Yiuf is severely wounded.
You feel very sick.
Crazy Yiuf flaps his cloak.
Crazy Yiuf hits you with a +3 quarterstaff of chaos!
You feel your power leaking away.
You barely miss Crazy Yiuf.
Crazy Yiuf is severely wounded.
You feel sick. You block Crazy Yiuf's attack.
You closely miss Crazy Yiuf.
Crazy Yiuf is severely wounded.
You feel sick.
Crazy Yiuf hits you with a +3 quarterstaff of chaos!
Crazy Yiuf freezes you.
* * * LOW HITPOINT WARNING * * *
You hit Crazy Yiuf.
Crazy Yiuf is severely wounded.
You feel sick.
Crazy Yiuf hits you with a +3 quarterstaff of chaos!
* * * LOW HITPOINT WARNING * * *
You are lethally poisoned!
Crazy Yiuf hits you with a +3 quarterstaff of chaos!
You die...

♣♣♣♣♣### ###
♣♣♣)♣..#.##
#..)#♣.)♣......##
#..)g@♣♣♣♣......#
### #)..#♣♣
♣♣.#...# ##.. ###
♣♣###.###...
#.......
#####....
#.###....
#........
#####)... #.....


You could see Crazy Yiuf.

Vanquished Creatures
  Grinder (D:3)
  Ijyb (D:3)
  4 adders (D:2)
  3 worms (D:2)
  A dart slug (D:2)
  2 orcs (D:3)
  10 bats
  5 endoplasms
  A giant cockroach (D:1)
  7 goblins
  8 hobgoblins
  A jackal (D:2)
  3 quokkas
  8 ball pythons
  4 frilled lizards
  6 kobolds
  8 rats
73 creatures vanquished.

Notes
Turn   | Place    | Note
-------+----------+-------------------------------------------
     0 | D:1      | Naiya55 the Formicid Fighter began the quest for the Orb.
     0 | D:1      | Reached XP level 1. HP: 18/18 MP: 1/1
   118 | D:1      | Reached XP level 2. HP: 24/24 MP: 2/2
   276 | D:1      | Reached XP level 3. HP: 30/30 MP: 3/3
   728 | D:2      | Reached XP level 4. HP: 34/37 MP: 4/4
  1399 | D:2      | Reached XP level 5. HP: 43/43 MP: 5/5
  1429 | D:3      | Noticed Ijyb
  1445 | D:3      | Killed Ijyb
  1487 | D:3      | Noticed Grinder
  1515 | D:3      | Killed Grinder
  1516 | D:3      | Reached skill level 5 in Fighting
  1516 | D:3      | Reached skill level 5 in Axes
  1516 | D:3      | Reached XP level 6. HP: 18/51 MP: 6/6
  1647 | D:3      | Found a basalt altar of Yredelemnul.
  1796 | D:3      | Found a runed translucent door.
  1797 | D:3      | Noticed Crazy Yiuf
  1808 | D:3      | Slain by Crazy Yiuf

Illustrated notes

Levels and vault maps discovered:
D:1:      dpeg_arrival_solitude, layout_basic, minmay_misc_feat_hallway,
          minmay_misc_feat_enclosed
D:2:      layout_basic, kennysheep_donut, corexii_item_surrounded_by_moat,
          minmay_mini_jars
D:3:      layout_rooms, mainiacjoe_overflow_concentric_impassable, serial_shops,
          shop, uniq_crazy_yiuf_cottage, uniq_ijyb, uniq_grinder

Skill      XL: |  1  2  3  4  5 |
---------------+----------------+-----
Axes           | 3 4 5 |  5.6
Fighting       | 4 5 |  5.3
Armour         | |  3.2
Shields        | |  4.0

Action                     |  1- 3 |  4- 6 || total
---------------------------+-------+-------++-------
  Melee: War axe           |    73 |   132 ||   205
         Unarmed           |       |     2 ||     2
 Armour: Scale mail        |    40 |    56 ||    96
         Skin              |       |     1 ||     1
  Dodge: Dodged            |    50 |   102 ||   152
  Block: Buckler           |    15 |    42 ||    57

Table legend: (Time is in decaauts)
 A = Elapsed time spent in this place.
 B = Non-inter-level travel time spent in this place.
 C = Inter-level travel time spent in this place.
 D = Time resting spent in this place.
 E = Time spent auto-exploring this place.
 F = Levels seen in this place.
 G = Mean time per level.
                   A        B        C        D        E       F      G
               +--------+--------+--------+--------+--------+-----+--------+
         Total |   1877 |   1844 |     33 |    118 |   1156 |   3 |  625.7 |
       Dungeon |   1877 |   1844 |     33 |    118 |   1156 |   3 |  625.7 |
               +--------+--------+--------+--------+--------+-----+--------+

Top non-repeatable levels by time:
     D:2: 874 daAuts
     D:1: 605 daAuts
     D:3: 396 daAuts
